 Dungeon Crawl Stone Soup version 0.22-a0-475-g101988f953 (webtiles) character file.

28 Rrauwl the Skirmisher (level 3, 0/33 HPs)
             Began as a Hill Orc Fighter on June 14, 2018.
             Succumbed to an adder's poison
             ... on level 2 of the Dungeon.
             The game lasted 00:01:26 (1139 turns).

Rrauwl the Skirmisher (Hill Orc Fighter)            Turns: 1139, Time: 00:01:26

Health: 0/33       AC:  9    Str: 24    XL:     3   Next: 14%
Magic:  3/3        EV:  5    Int:  8    God:
Gold:   10         SH:  8    Dex: 10    Spells: 2/2 levels left

rFire    . . .     SeeInvis .   a - +0 war axe
rCold    . . .     Gourm    .   c - +0 shield
rNeg     . . .     Faith    .   e - +1 chain mail {MR+}
rPois    .         Spirit   .   (no helmet)
rElec    .         Reflect  .   (no cloak)
rCorr    .         Harm     .   (no gloves)
MR       +....                  (no boots)
Stlth    ..........             (no amulet)
HPRegen  0.11/turn              (no ring)
MPRegen  0.08/turn              (no ring)

@: mighty, lethally poisoned (0 -> -10), heavily drained
A: no striking features
a: no special abilities


You were on level 2 of the Dungeon.
You were not hungry.

You visited 1 branch of the dungeon, and saw 2 of its levels.

You collected 10 gold pieces.

Inventory:

Hand Weapons
 a - a +0 war axe (weapon)
Armour
 c - a +0 shield (worn)
 e - a +1 chain mail of magic resistance (worn)
Scrolls
 b - a scroll of fog {unknown}
 h - a scroll of fear {unknown}
 i - a scroll of enchant armour {unknown}
 j - a scroll of remove curse {unknown}
Potions
 d - a potion of might
Comestibles
 f - 2 rations
 g - a chunk of flesh


   Skills:
 - Level 4.0(2.1) Fighting
 + Level 3.2(1.4) Axes
 + Level 3.5(1.8) Armour
 + Level 0.7(0.0) Dodging
 + Level 3.5(1.8) Shields


You had 2 spell levels left.
You didn't know any spells.
Your spell library was empty.

Dungeon Overview and Level Annotations

Branches:
Dungeon (2/15)

Altars:
Cheibriados


Message History

The adder bites you but does no damage.
You closely miss the adder.
The adder is severely wounded.
* * * LOW HITPOINT WARNING * * *
You feel sick. The bat hits you but does no damage.
You block the adder's attack. The adder bites you but does no damage.
You closely miss the adder.
The adder is severely wounded.
Your chain mail prevents you from hitting the bat.
* * * LOW HITPOINT WARNING * * *
You feel sick. The bat completely misses you. You block the bat's attack.
The adder bites you.
* * * LOW HITPOINT WARNING * * *
You are more poisoned.
The adder poisons you! You block the bat's attack.
The bat hits you but does no damage. You block the adder's attack.
You closely miss the adder.
The adder is severely wounded.
You closely miss the bat.
You die...

.. ######## #.#
#......# ...
#......#
###$##......#
............####
#.#..<.......#
#......b......
#.....@S......
#......†......
#...?..........
..>.............
.#.($...........
...#............
.####..(.......#
############


You could see an adder and a bat.

Vanquished Creatures
  An ooze (D:1)
  A dart slug (D:1)
  A leopard gecko (D:1)
  A giant cockroach (D:1)
  5 goblins (D:1)
  3 hobgoblins (D:1)
  A bat (D:1)
  4 kobolds (D:1)
  3 rats
20 creatures vanquished.

Notes
Turn   | Place    | Note
-------+----------+-------------------------------------------
     0 | D:1      | Rrauwl the Hill Orc Fighter began the quest for the Orb.
     0 | D:1      | Reached XP level 1. HP: 19/19 MP: 1/1
   356 | D:1      | Reached XP level 2. HP: 27/27 MP: 2/2
   652 | D:1      | Reached XP level 3. HP: 30/33 MP: 3/3
   999 | D:1      | Found a snail-covered altar of Cheibriados.
  1016 | D:1      | Reached skill level 4 in Fighting
  1138 | D:2      | HP: 1/33 [adder (3)]
  1139 | D:2      | Succumbed to an adder's poison

Vault maps used:
D:1:      minmay_arrival_checkered_box, roderic_lattice_a, st_stairs_1,
          cheibriados_altar_1
D:2:      minmay_roachtagon, marbit_many_paths, lemuel_doored_altar,
          ashenzari_altar_1

Skill      XL: |  1  2  3 |
---------------+----------+-----
Axes           | 3 |  3.2
Fighting       | 4 |  4.0
Armour         | |  3.5
Dodging        | |  0.7
Shields        | |  3.5

Action                   || total
-------------------------++-------
Melee: War axe           ||    78
  Use: Potion            ||     1
  Eat: Chunk             ||     1
Armor: Scale mail        ||     7
       Chain mail        ||    45
Dodge: Dodged            ||    24
Block: Shield            ||    53

Table legend:
 A = Spawn XP
 B = Non-spawn XP
 C = Spawn XP percentage of total XP
 D = Spawn monster count
 E = Non-spawn monster count
 F = Spawn count percentage of total count
 G = Total turns spent on level
                    A         B        C        D         E        F      G
               +---------+---------+-------+---------+---------+-------+---------
         Total |       0 |      41 |   0.0 |       0 |      20 |   0.0 |  1139
               +---------+---------+-------+---------+---------+-------+---------
           D:1 |       0 |      40 |   0.0 |       0 |      19 |   0.0 |  1110
           D:2 |       0 |       1 |   0.0 |       0 |       1 |   0.0 |    29
               +---------+---------+-------+---------+---------+-------+---------
